 Dungeon Crawl Stone Soup version 0.16-b1 (webtiles) character file.

39 McCoppin the Slasher (level 3, 0/24 HPs)
             Began as a Halfling Skald on Mar 10, 2015.
             Slain by Crazy Yiuf
             ... wielding a +2 quarterstaff of chaos
              (14 damage)
             ... on level 2 of the Dungeon.
             The game lasted 00:04:33 (1249 turns).

McCoppin the Slasher (Halfling Skald)               Turns: 1249, Time: 00:04:33

Health: 0/24       AC:  4    Str: 12    XL:     3   Next: 70%
Magic:  1/5        EV: 13    Int: 11    God:
Gold:   80         SH:  0    Dex: 14    Spells: 2 memorised, 2 levels left

rFire  . . .     SeeInvis .     a - +1 falchion
rCold  . . .     Clarity  .     b - +0 leather armour
rNeg   . . .     SustAb   .     (no shield)
rPois  .         Gourm    .     (no helmet)
rElec  .         Spirit   .     (no cloak)
rCorr  .         Warding  .     q - +0 pair of gloves
rMut   .         Stasis   +     (no boots)
MR     .....                    i - amulet of stasis
Stlth  +.........               (no ring)
                                (no ring)

@: infused, not resistant to hostile enchantments, very unstealthy
A: mutation resistance 1
a: no special abilities


You were on level 2 of the Dungeon.
You were not hungry.

You visited 1 branch of the dungeon, and saw 2 of its levels.

You collected 80 gold pieces.

Inventory:

Hand weapons
 a - a +1 falchion (weapon)
Missiles
 e - 104 stones (quivered)
Armour
 b - a +0 leather armour (worn)
 q - a +0 pair of gloves (worn)
Jewellery
 i - an amulet of stasis (around neck)
Scrolls
 f - a scroll of noise {unknown}
 k - a scroll of remove curse {unknown}
 l - 2 scrolls of identify {unknown}
 n - a scroll of recharging {unknown}
 o - 2 scrolls of teleportation {unknown}
Potions
 g - a potion of restore abilities
 j - 2 potions of curing
 m - a potion of beneficial mutation {unknown}
 p - a potion of agility {unknown}
Books
 c - a book of Battle

   Spells                             Type                      Level
   a - Infusion                       Charms                       1
   b - Shroud of Golubria             Charms/Translocation         2
   c - Song of Slaying                Charms                       2
   d - Spectral Weapon                Hexes/Charms                 3
   e - Regeneration                   Charms/Necromancy            3
Comestibles
 d - a bread ration
 h - 3 meat rations


   Skills:
 - Level 1.7 Fighting
 * Level 3.7 Long Blades
 - Level 1.1 Armour
 - Level 1.1 Dodging
 - Level 1.5 Spellcasting
 + Level 3.2 Charms


You had 2 spell levels left.
You knew the following spells:

 Your Spells              Type           Power        Failure   Level  Hunger
a - Infusion              Chrm           #.....       12%         1    ##.....
b - Shroud of Golubria    Chrm/Tloc      #.........   30%         2    ###....


Dungeon Overview and Level Annotations

Branches:
Dungeon (2/15)

Altars:

Annotations:
D:2 Crazy Yiuf


Innate Abilities, Weirdness & Mutations

You are small and have problems with some larger weapons.
You are somewhat resistant to further mutation.


Message History

Crazy Yiuf is moderately wounded.
Your shroud unravels.
Crazy Yiuf closely misses you.
You barely miss Crazy Yiuf.
Crazy Yiuf is moderately wounded.
Crazy Yiuf closely misses you.
You hit Crazy Yiuf but do no damage.
Crazy Yiuf is moderately wounded.
Crazy Yiuf hits you with a quarterstaff of chaos!
Crazy Yiuf freezes you.
You are too injured to fight recklessly!
You are too injured to fight recklessly!
You barely miss Crazy Yiuf.
Crazy Yiuf is moderately wounded.
Crazy Yiuf closely misses you.
You barely miss Crazy Yiuf.
Crazy Yiuf is moderately wounded.
Crazy Yiuf hits you with a quarterstaff of chaos!
Ouch! That really hurt!
You die...

#### ..... ####
...... ###
♣♣##..# ......#
#)..#♣ ♣♣.#...#
......#
#....g♣♣♣♣......#
......#
♣@)♣.......#
......##
♣♣♣.♣..#...#
........#
♣♣♣♣♣##..#
......## #..#
......# ##
#######..#
.....###.#
####........#
#######..#
####.[...#######
#####...
##....###.#
......#####....##
#.#


You could see Crazy Yiuf.

Vanquished Creatures
  An adder (D:2)
  2 worms (D:2)
  A giant gecko (D:1)
  3 bats
  A giant cockroach (D:1)
  4 kobolds (D:1)
  A quokka (D:2)
  A ball python (D:1)
  3 goblins
  3 rats (D:1)
20 creatures vanquished.

Notes
Turn   | Place    | Note
--------------------------------------------------------------
     0 | D:1      | McCoppin, the Halfling Skald, began the quest for the Orb.
     0 | D:1      | Reached XP level 1. HP: 14/14 MP: 2/2
   126 | D:1      | Reached XP level 2. HP: 16/19 MP: 3/3
   823 | D:2      | Reached XP level 3. HP: 7/24 MP: 5/5
  1181 | D:2      | Learned a level 2 spell: Shroud of Golubria
  1236 | D:2      | Noticed Crazy Yiuf
  1249 | D:2      | Slain by Crazy Yiuf

Action                   || total
-------------------------++-------
Melee: Falchion          ||    87
 Cast: Infusion          ||     3
       Shroud of Golubri ||     1
  Use: Scroll            ||     1
       Potion            ||     3
  Eat: Chunk             ||     1
